 Dungeon Crawl Stone Soup version 0.17.1-1-g73c8601 (webtiles) character file.

255 shmeve the Skirmisher (level 5, -2/47 HPs)
             Began as a Draconian Fighter on Apr 18, 2016.
             Killed from afar by an orc wizard (6 damage)
             ... with a magic dart
             ... on level 4 of the Dungeon.
             The game lasted 00:06:14 (2382 turns).

shmeve the Skirmisher (Draconian Fighter)           Turns: 2382, Time: 00:06:14

Health: -2/47      AC:  6    Str: 19    XL:     5   Next: 91%
Magic:  5/5        EV: 11    Int:  8    God:
Gold:   208        SH:  9    Dex: 11    Spells: 0 memorised, 4 levels left

rFire  . . .     SeeInvis .     a - +0 war axe
rCold  . . .     Clarity  .     (armour unavailable)
rNeg   . . .     SustAt   .     b - +0 shield
rPois  .         Gourm    .     (helmet restricted)
rElec  .         Spirit   .     (no cloak)
rCorr  .         Warding  .     j - +0 pair of gloves
rMut   .         Stasis   .     (no boots)
MR     .....                    (no amulet)
Stlth  +.........               (no ring)
                                (no ring)

@: not resistant to hostile enchantments, very unstealthy
A: unfitting armour, cold-blooded, AC +5
a: no special abilities


You were on level 4 of the Dungeon.
You were not hungry.

You visited 1 branch of the dungeon, and saw 4 of its levels.

You collected 208 gold pieces.

Inventory:

Hand Weapons
 a - a +0 war axe (weapon)
Armour
 b - a +0 shield (worn)
 j - a +0 pair of gloves (worn)
Scrolls
 e - a scroll of remove curse {unknown}
 g - 5 scrolls of teleportation {unknown}
 i - 2 scrolls of random uselessness {unknown}
 k - a scroll of identify {unknown}
 l - 3 scrolls of blinking {unknown}
 n - 2 scrolls of immolation {unknown}
 p - 2 scrolls of fear {unknown}
 r - a scroll of amnesia {unknown}
 s - 2 scrolls of enchant weapon {unknown}
 w - a scroll of recharging {unknown}
Potions
 c - a potion of degeneration {unknown}
 h - 4 potions of mutation {unknown}
 o - 2 potions of curing {unknown}
 t - a potion of poison {unknown}
 u - a potion of magic {unknown}
 v - a potion of cure mutation {unknown}
Comestibles
 d - 4 bread rations
 f - a slice of pizza
 m - a beef jerky
 q - 5 meat rations


   Skills:
 * Level 4.4 Fighting
 * Level 3.4 Axes
 * Level 3.6 Dodging
 + Level 1.4 Stealth
 * Level 4.2 Shields


You had 4 spell levels left.
You didn't know any spells.

Dungeon Overview and Level Annotations

Branches:
Dungeon (4/15)
 Temple: D:4-7

Altars:
Kikubaaqudgha
Makhleb
Vehumet
Zin

Annotations:
D:4 ricardofg's ghost, amateur HaWr


Innate Abilities, Weirdness & Mutations

Your plain brown scales are hard (AC +5).
Your body does not fit into most forms of armour.
You are cold-blooded and may be slowed by cold attacks.


Message History

* * * LOW HITPOINT WARNING * * *
The orc hits you from afar with a trident.
* * * LOW HITPOINT WARNING * * *
You block the orc wizard's attack.
The orc wizard gestures at you while chanting.
The magic dart hits you!
* * * LOW HITPOINT WARNING * * *
The orc closely misses you.
You hit the orc wizard but do no damage.
The orc wizard is almost dead.
You block the orc wizard's attack. You block the orc's attack.
The orc wizard casts a cantrip, but nothing happens.
Unknown command.
You barely miss the orc wizard.
The orc wizard is almost dead.
The orc wizard points at you and mumbles some strange words.
You block the puff of flame. You block the orc's attack.
The orc wizard casts a spell at you. The magic dart hits you!
You die...

##......≈≈####≈≈.......
#.......§≈≈≈≈≈.......#
#....................#
..#
##..§≈..........≈≈...
.....####..≈.........
.......).............
......###.#......§...
.>... #.#.....≈≈≈..
..#. #.#@#.####### . #
#..o..# ###o### #o#


.ZW ..... ....... .#....... ..'........ You could see an orc wizard, ricardofg's
ghost, 2 orcs and an adder skeleton.

Vanquished Creatures
  A vampire bat (D:3)
  A crimson imp (D:3)
  A giant frog skeleton (D:4)
  3 adders
  4 gnolls (D:3)
  An ooze (D:1)
  A worm (D:4)
  A giant gecko (D:2)
  2 orcs (D:4)
  2 ball pythons (D:2)
  4 bat skeletons (D:3)
  A bat zombie (D:3)
  5 giant cockroaches
  12 hobgoblins
  8 jackals
  4 kobolds
  A quokka (D:2)
  9 bats
  3 giant newts
  8 goblins
  11 rats
83 creatures vanquished.

Notes
Turn   | Place    | Note
--------------------------------------------------------------
     0 | D:1      | shmeve the Draconian Fighter began the quest for the Orb.
     0 | D:1      | Reached XP level 1. HP: 19/19 MP: 1/1
   141 | D:1      | Reached XP level 2. HP: 24/26 MP: 2/2
   665 | D:1      | Reached XP level 3. HP: 31/31 MP: 3/3
   814 | D:2      | Found a burning altar of Makhleb.
  1328 | D:2      | Reached XP level 4. HP: 33/40 MP: 4/4
  1601 | D:3      | Found an ancient bone altar of Kikubaaqudgha.
  1602 | D:3      | Reached skill level 4 in Fighting
  1602 | D:3      | Reached skill level 1 in Stealth
  1741 | D:3      | Reached XP level 5. HP: 41/46 MP: 5/5
  1919 | D:3      | Found a glowing silver altar of Zin.
  2031 | D:3      | Found a radiant altar of Vehumet.
  2032 | D:3      | Found a burning altar of Makhleb.
  2376 | D:4      | Noticed ricardofg's ghost (amateur HaWr)
  2382 | D:4      | Killed from afar by an orc wizard

Action                   |  1- 3 |  4- 6 || total
-------------------------+-------+-------++-------
Melee: War axe           |   116 |   118 ||   234
  Use: Potion            |       |     1 ||     1
 Stab: Sleeping          |     1 |       ||     1
  Eat: Chunk             |     2 |     3 ||     5
